 Dungeon Crawl Stone Soup version 0.25.0-11-g1f837a76a1 (webtiles) character file.

Game seed: 739715019883059103

7272 KleinerIrrer the Thaumaturge (level 10, 0/70 HPs)
             Began as a Demonspawn Fire Elementalist on June 26, 2020.
             Slain by a black mamba (9 damage)
             ... on level 1 of the Lair of Beasts.
             The game lasted 00:38:41 (11143 turns).

KleinerIrrer the Thaumaturge (DsFE)                Turns: 11143, Time: 00:38:43

Health: 0/70       AC:  5    Str:  9    XL:     10   Next: 89%
Magic:  9/23       EV: 14    Int: 20    God:
Gold:   366        SH:  0    Dex: 13    Spells: 11/27 levels left

rFire    + + .     SeeInvis .   F - +2 hand axe (drain)
rCold    x . .     Gourm    .   (no shield)
rNeg     . . .     Faith    .   a - +0 robe
rPois    +         Spirit   .   (helmet restricted)
rElec    .         Reflect  .   y - +2 cloak
rCorr    .         Harm     .   (no gloves)
MR       .....                  (no boots)
Stlth    ++........             (no amulet)
HPRegen  0.21/turn              t - ring of poison resistance
MPRegen  0.18/turn              b - ring of fire

@: no status effects
A: antennae 2, demonic guardian 1, fire resistance 1
a: no special abilities


You were on level 1 of the Lair of Beasts.
You were not hungry.

You visited 2 branches of the dungeon, and saw 9 of its levels.

You collected 394 gold pieces.
You spent 28 gold pieces at shops.

Inventory:

Hand Weapons
 F - a +2 hand axe of draining (weapon)
Missiles
 f - 224 stones (quivered)
 s - 41 poisoned darts
Armour
 a - a +0 robe (worn)
 y - a +2 cloak (worn)
 G - a +0 ring mail of fire resistance
Jewellery
 b - a ring of fire (right hand)
 q - a +6 ring of dexterity
 t - a ring of poison resistance (left hand)
Wands
 u - a wand of acid (19)
 A - a wand of iceblast (9)
 E - a wand of paralysis (9)
 H - a wand of clouds (5)
Scrolls
 d - 4 scrolls of teleportation
 e - a scroll of magic mapping
 g - 2 scrolls of random uselessness {unknown}
 h - 4 scrolls of remove curse
 k - a scroll of amnesia {unknown}
 n - 2 scrolls of enchant weapon
 o - a scroll of enchant armour
 p - a scroll of fog
 v - a scroll of blinking {unknown}
 x - a scroll of immolation {unknown}
 z - a scroll of vulnerability {unknown}
 I - a scroll of holy word {unknown}
Potions
 i - a potion of haste
 j - 2 potions of curing
 l - 2 potions of magic {unknown}
 m - 3 potions of stabbing
 r - 4 potions of degeneration {unknown}
 w - a potion of invisibility
 B - a potion of might
 C - 4 potions of ambrosia {unknown}
 D - a potion of mutation {unknown}
Comestibles
 c - 15 rations
 J - 13 chunks of flesh


   Skills:
 - Level 3.1 Fighting
 + Level 4.7 Dodging
 - Level 1.7 Stealth
 + Level 9.1 Spellcasting
 + Level 8.6 Conjurations
 + Level 8.8 Fire Magic
 + Level 0.3 Evocations


You had 11 spell levels left.
You knew the following spells:

 Your Spells              Type           Power        Failure   Level  Hunger
a - Foxfire               Conj/Fire      ####         1%          1    None
b - Conjure Flame         Conj/Fire      ######..     1%          3    None
c - Inner Flame           Hex/Fire       #####...     3%          3    None
d - Sticky Flame          Conj/Fire      ######..     1%          4    ###....
e - Fireball              Conj/Fire      ######....   6%          5    #####..

Your spell library contained the following spells:

 Spells                   Type           Power        Failure   Level  Hunger
 Corona                   Hex            #......      8%          1    None
 Slow                     Hex            #.......     12%         2    None
 Portal Projectile        Hex/Tloc       #.....       22%         3    None
 Cause Fear               Hex            #.........   58%         4    ###....
 Leda's Liquefaction      Hex/Erth       #.........   58%         4    ###....


Dungeon Overview and Level Annotations

Branches:
Dungeon (8/15)             Temple (0/1) D:7            Lair (1/6) D:8

Altars:
Ashenzari
Cheibriados
Elyvilon
Gozag
Nemelex Xobeh
Okawaru
Trog
Uskayaw
The Shining One
Jiyva

Shops:
D:5 *

Annotations:
Lair:1 3 runed translucent doors, SamuraiZach's ghost, journeyman HuBe


Innate Abilities, Weirdness & Mutations

You have a pair of antennae on your head.
A weak demonic guardian rushes to your aid.
Your flesh is heat resistant. (rF+)


Message History

The black mamba is heavily wounded.
The black mamba bites you.
You are poisoned.
The black mamba poisons you!
Your shadow imp misses the black mamba.
The blink frog blinks!
The black mamba bites you!
Your shadow imp barely misses the black mamba.
You feel better. The black mamba closely misses you. The black mamba bites you!
Your shadow imp barely misses the black mamba.
Casting: Foxfire (safe; 1% risk of failure)
Confirm with . or Enter, or press ? or * to list all spells.
Aiming: Sticky Flame (dangerous; 1% risk of failure)
Press: ? - help, Shift-Dir - straight line, f - black mamba
Aim: a black mamba (heavily wounded)
You feel a surge of power!
The sticky flame hits the black mamba.
The black mamba is severely wounded.
The black mamba is covered in liquid flames!
The black mamba burns!
The black mamba bites you!
* * * LOW HITPOINT WARNING * * *
The black mamba bites you!
You die...

##
############.######
#................>.
#..%....☼..........
#.......§.§........
#.......☼.§.......%
#....5@S5......%...
###....P#.#########
#....#### #....#
######....#
#.........#
#.........#
#.........#
#.........#


You could see a black mamba (burning), a friendly white imp (summoned) and a
friendly shadow imp (summoned).

Vanquished Creatures
  A hydra (Lair:1)
  2 spiny frogs (Lair:1)
  Grinder (D:5)
  2 blink frogs (Lair:1)
  2 hippogriffs
  5 yaks (Lair:1)
  A hungry ghost (D:7)
  Edmund (D:6)
  3 wargs
  A water moccasin (Lair:1)
  A porcupine (Lair:1)
  An ice beast (D:6)
  2 sky beasts
  An orc warrior (D:7)
  A phantom (D:6)
  3 ogres (D:6)
  2 centaurs
  4 bullfrogs
  A gnoll sergeant (D:8)
  3 scorpions
  3 killer bees
  3 wights (D:6)
  2 crimson imps (D:7)
  A jelly (D:7)
  A bullfrog zombie (D:6)
  5 orc wizards
  8 orc priests
  2 hounds
  A centaur skeleton (D:8)
  Natasha (twice) (D:4)
  An iguana (D:6)
  5 worker ants
  2 hound zombies (D:5)
  11 gnolls
  17 adders
  4 shadow imps
  4 oozes
  3 worms
  4 dart slugs
  8 leopard geckos
  28 orcs
  4 bats
  7 giant cockroaches
  11 goblins
  7 hobgoblins
  10 jackals
  2 quokkas
  A ball python (D:5)
  8 frilled lizards
  A jackal zombie (D:7)
  12 kobolds
  A quokka skeleton (D:5)
  12 rats
229 creatures vanquished.

Vanquished Creatures (collateral kills)
  Harold (D:7)
  An ice beast (D:7)
  An ogre (D:5)
  An orc priest (D:3)
  An orc wizard (D:3)
  Natasha (D:4)
  A worker ant (D:2)
  An adder (D:6)
  A worm (D:2)
  A leopard gecko (D:6)
  A rat (D:1)
11 creatures vanquished.

Vanquished Creatures (others)
  685 foxfires
  A fungus (Lair:1)
686 creatures vanquished.

Grand Total: 926 creatures vanquished

Notes
Turn   | Place    | Note
-------+----------+-------------------------------------------
     0 | D:1      | KleinerIrrer the Demonspawn Fire Elementalist began the
                  | quest for the Orb.
     0 | D:1      | Reached XP level 1. HP: 13/13 MP: 3/3
   236 | D:1      | Gained mutation: You have a pair of small antennae on your
                  | head. [demonic ancestry]
   236 | D:1      | Reached XP level 2. HP: 19/20 MP: 0/5
   409 | D:1      | Reached skill level 1 in Fighting
   488 | D:1      | Gained mutation: A weak demonic guardian rushes to your
                  | aid. [demonic ancestry]
   488 | D:1      | Reached XP level 3. HP: 26/26 MP: 0/6
  1152 | D:2      | Reached XP level 4. HP: 32/32 MP: 3/7
  1672 | D:2      | Reached XP level 5. HP: 38/38 MP: 5/9
  1711 | D:2      | You fall into a shaft and drop 1 floor!
  1716 | D:3      | Found a shattered altar of Ashenzari.
  2173 | D:2      | Found a snail-covered altar of Cheibriados.
  2413 | D:3      | Learned a level 3 spell: Conjure Flame
  2417 | D:3      | Learned a level 3 spell: Inner Flame
  2563 | D:3      | Reached skill level 3 in Spellcasting
  3154 | D:4      | Reached XP level 6. HP: 15/46 MP: 3/10
  3430 | D:4      | Found an iron altar of Okawaru.
  3560 | D:4      | Noticed Natasha
  3570 | D:4      | Killed Natasha
  3619 | D:4      | Noticed Natasha
  3624 | D:4      | Killed Natasha
  3682 | D:4      | Noticed Natasha
  3691 | D:4      | Killed Natasha
  4002 | D:4      | Found a glowing golden altar of the Shining One.
  4024 | D:4      | Found a white marble altar of Elyvilon.
  4418 | D:5      | Entered Level 5 of the Dungeon
  4424 | D:5      | Learned a level 4 spell: Sticky Flame
  4444 | D:5      | Noticed Grinder
  4456 | D:5      | Killed Grinder
  4456 | D:5      | Reached skill level 4 in Spellcasting
  4456 | D:5      | Reached XP level 7. HP: 38/52 MP: 4/13
  5184 | D:5      | Found a hide-covered altar of Uskayaw.
  5588 | D:5      | Found Covinioh's General Store.
  5596 | D:5      | Bought a scroll of identify for 28 gold pieces
  5742 | D:5      | Reached skill level 5 in Fire Magic
  5839 | D:6      | Reached skill level 5 in Spellcasting
  5839 | D:6      | Gained mutation: Your flesh is heat resistant. (rF+)
                  | [demonic ancestry]
  5839 | D:6      | Reached XP level 8. HP: 58/58 MP: 11/15
  6065 | D:6      | Reached skill level 5 in Conjurations
  6228 | D:6      | Found an opulent altar of Gozag.
  6313 | D:6      | Reached skill level 6 in Spellcasting
  6320 | D:6      | Learned a level 5 spell: Fireball
  6583 | D:6      | Found a sparkling altar of Nemelex Xobeh.
  6649 | D:6      | Noticed Edmund
  6658 | D:6      | Killed Edmund
  6771 | D:7      | Noticed Harold
  6824 | D:7      | Found a staircase to the Ecumenical Temple.
  7054 | D:7      | Noticed a hippogriff
  7064 | D:7      | Killed a hippogriff
  7064 | D:7      | Gained mutation: You have a pair of antennae on your head.
                  | [demonic ancestry]
  7064 | D:7      | Reached XP level 9. HP: 53/63 MP: 4/18
  7324 | D:7      | Killed Harold
  7324 | D:7      | Reached skill level 7 in Spellcasting
  7601 | D:7      | Found a bloodstained altar of Trog.
  9293 | D:8      | Reached XP level 10. HP: 60/70 MP: 10/21
  9672 | D:7      | Reached skill level 8 in Spellcasting
 10444 | D:8      | Found a staircase to the Lair.
 10736 | Lair:1   | Entered Level 1 of the Lair of Beasts
 10759 | Lair:1   | Found a runed translucent gate.
 10759 | Lair:1   | Found a runed translucent gate.
 10759 | Lair:1   | Found a runed translucent gate.
 10763 | Lair:1   | Noticed SamuraiZach's ghost (journeyman HuBe)
 10765 | Lair:1   | Found a viscous altar of Jiyva.
 10811 | Lair:1   | Noticed a spiny frog
 10811 | Lair:1   | Noticed a four-headed hydra
 10815 | Lair:1   | Killed a spiny frog
 10820 | Lair:1   | Killed a four-headed hydra
 10890 | Lair:1   | Noticed a spiny frog
 10899 | Lair:1   | Killed a spiny frog
 11003 | Lair:1   | Reached skill level 9 in Spellcasting
 11134 | Lair:1   | Noticed a black mamba
 11143 | Lair:1   | Slain by a black mamba

Illustrated notes

Levels and vault maps discovered:
D:1:      lightli_arrival_statue_moat, layout_rooms, interstate_on_off
D:2:      layout_rooms, marbit_many_paths, first_ration
D:3:      layout_basic, nicolae_overflow_hidden_temple
D:4:      layout_loops_ring, elyvilon_altar_1, lemuel_round_altar,
          minmay_misc_feat_iff, okawaru_metal_pillars_1_2, uniq_natasha
D:5:      layout_layer_cave, eat_drink_and_be_merry_uskayaw, serial_shops, shop,
          kennysheep_generic_room_12, uniq_grinder
D:6:      layout_rooms, grunt_gozag_breadcrumbs, nemelex_spade_bored_becter,
          uniq_edmund
D:7:      layout_loops_ring, bloody_trog, minmay_temple_entry_mist, uniq_harold
D:8:      layout_rooms, erik_lair_orcish_takeover, blue_anna_alchemist
          [blue_anna_fruit_fields, blue_anna_fruit_fields]
Lair:1:   layout_cellular_growth, gammafunk_ghost_ooze,
          chequers_serial_rivers_micro_e

Skill      XL: |  1  2  3  4  5  6  7  8  9 10 |
---------------+-------------------------------+-----
Fire Magic     | 3 4 5 6 7 8 |  8.8
Fighting       | 1 2 3 |  3.1
Dodging        | 2 3 4 |  4.7
Conjurations   | 2 3 4 5 7 8 |  8.6
Spellcasting   | 3 4 5 6 7 9 |  9.1
Stealth        | |  1.7
Evocations     | |  0.3

Action                   |  1- 3 |  4- 6 |  7- 9 | 10-12 || total
-------------------------+-------+-------+-------+-------++-------
Melee: Whip              |     2 |       |       |       ||     2
       Dagger            |       |     1 |       |       ||     1
       Hand axe          |       |    10 |    68 |     6 ||    84
Throw: Stone             |       |     2 |       |       ||     2
 Cast: Foxfire           |    54 |   159 |   196 |    40 ||   449
       Inner Flame       |       |       |     6 |     8 ||    14
       Sticky Flame      |       |       |    14 |    12 ||    26
       Conjure Flame     |       |       |     2 |       ||     2
       Fireball          |       |       |     5 |     8 ||    13
Evoke: Wand              |       |       |     2 |       ||     2
  Use: Scroll            |       |     8 |     4 |     1 ||    13
       Potion            |       |     1 |     3 |     4 ||     8
 Stab: Distracted        |       |     1 |       |       ||     1
       Sleeping          |       |     1 |       |       ||     1
  Eat: Chunk             |     1 |     9 |     7 |     6 ||    23
       Ration            |       |       |     4 |     1 ||     5
Armor: Robe              |     2 |    12 |    37 |     8 ||    59
Dodge: Dodged            |    18 |    54 |   114 |    37 ||   223
